 Dungeon Crawl Stone Soup version 0.27-a0-75-g9f9dfd16e9 (webtiles) character file.

Game seed: 12550036141291381974

68 knot the Chopper (level 4, 40/52 HPs)
             Began as a Demonspawn Berserker on Jan 13, 2021.
             Was a Believer of Trog.
             Quit the game in a sewer.
             The game lasted 00:02:42 (2068 turns).

knot the Chopper (Demonspawn Berserker)             Turns: 2068, Time: 00:02:43

Health: 40/52      AC:  3    Str: 17    XL:     4   Next: 1%
Magic:  2/4        EV: 12    Int: 10    God:    Trog [**....]
Gold:   92         SH:  0    Dex: 12    Spells: 3/3 levels left

rFire    . . .     SeeInvis .   a - +0 hand axe
rCold    . . .     Faith    .   (no shield)
rNeg     . . .     Spirit   +   b - +1 animal skin
rPois    .         Reflect  .   (no helmet)
rElec    .         Harm     .   (no cloak)
rCorr    .         Rampage  .   (no gloves)
Will     .....                  (no boots)
Stlth    ..........             (no amulet)
HPRegen  0.17/turn              (no ring)
MPRegen  0.09/turn              (no ring)

@: berserking, very quick
A: talons 1, magic shield
a: Renounce Religion, Berserk, Trog's Hand


You were in a sewer.
You worshipped Trog.
Trog was pleased with you.
You visited 1 branch of the dungeon, and saw 3 of its levels.
You also visited: Sewer.

You collected 92 gold pieces.

Inventory:

Hand Weapons
 a - a +0 hand axe (weapon)
Missiles
 c - 63 stones
Armour
 b - a +1 animal skin (worn)
Scrolls
 e - 2 scrolls of identify
 h - a scroll of enchant armour
Potions
 f - a potion of heal wounds
 g - 2 potions of curing {unknown}
 k - a potion of haste {unknown}


   Skills:
 - Level 3.0 Fighting
 + Level 4.4 Axes
 - Level 1.7 Armour
 - Level 1.7 Dodging


You had 3 spell levels left.
You didn't know any spells.
Your spell library was empty.

Dungeon Overview and Level Annotations

Branches:
Dungeon (3/15)              Sewer (1/1)

Altars:

Annotations:
D:2 Sigmund


Innate Abilities, Weirdness & Mutations

You have sharp toenails.
When hurt, damage is shared between your health and your magic reserves.


Message History

You barely miss the worm. You hit the giant cockroach.
The giant cockroach bites you but does no damage.
You closely miss the giant cockroach.
The giant cockroach is moderately wounded.
You miss the bat. You hit the worm. The bat barely misses you.
The bat misses you. The giant cockroach bites you.
You hit the giant cockroach.
You kill the giant cockroach!
Trog accepts your kill.
You slash the worm! You slash the bat!
You feel the power of Trog in you as your rage grows.
You kill the bat!
Trog accepts your kill.
You closely miss the leopard gecko. The worm bites you!
You have reached level 4!
You feel clever.
You feel monstrous as your demonic heritage exerts itself.
Your demonic ancestry asserts itself...
Your toenails lengthen and sharpen.
Are you sure you want to abandon this character and quit the game? (Confirm with "yes".)

### ###∩.###
#......####..
#....∩.....≈≈
#...l@l....≈.
##...w†##.###
##...## #
#####


You could see a worm, a leopard gecko and a frilled lizard.

Vanquished Creatures
  3 adders
  2 oozes
  A worm (D:2)
  4 bats
  3 giant cockroaches
  2 goblins
  4 hobgoblins
  5 kobolds
  8 rats
32 creatures vanquished.

Notes
Turn   | Place    | Note
-------+----------+-------------------------------------------
     0 | D:1      | knot the Demonspawn Berserker began the quest for the Orb.
     0 | D:1      | Reached XP level 1. HP: 18/18 MP: 1/1
    18 | D:1      | Reached skill level 3 in Axes
    98 | D:1      | Gained mutation: When hurt, damage is shared between your
                  | health and your magic reserves. [demonic ancestry]
    98 | D:1      | Reached XP level 2. HP: 21/24 MP: 2/2
   931 | D:2      | Reached XP level 3. HP: 29/29 MP: 3/3
  1094 | D:2      | Reached skill level 4 in Axes
  1634 | D:2      | Reached ** piety under Trog
  1745 | D:2      | Noticed Sigmund
  2053 | D:3      | Found a glowing drain.
  2062 | Sewer    | Entered a sewer
  2068 | Sewer    | Gained mutation: You have sharp toenails. [demonic
                  | ancestry]
  2068 | Sewer    | Reached XP level 4. HP: 35/35 MP: 2/4
  2068 | Sewer    | Quit the game

Illustrated notes

Levels and vault maps discovered:
D:1:      onia_arrival_handbag, layout_loops_ring
D:2:      layout_loops_ring, hangedman_glass_garden, uniq_sigmund
D:3:      minmay_bubble_buster, layout_basic, cheibrodos_sewer_entry_sluice,
          kennysheep_donut, st_stairs_12, kennysheep_generic_room_3,
          uniq_jessica
Sewer:    sewer_fruit_machine

Skill      XL: |  1  2  3 |
---------------+----------+-----
Axes           | 3 4 |  4.4
Fighting       | |  3.0
Armour         | |  1.7
Dodging        | |  1.7

Action                   |  1- 3 |  4- 6 || total
-------------------------+-------+-------++-------
Melee: Hand axe          |    90 |       ||    90
Invok: Berserk           |     4 |       ||     4
  Use: Scroll            |     7 |       ||     7
 Stab: Sleeping          |     1 |       ||     1
Armor: Animal skin       |    15 |       ||    15
Dodge: Dodged            |    74 |       ||    74

Table legend: (Time is in decaauts)
 A = Elapsed time spent in this place.
 B = Non-inter-level travel time spent in this place.
 C = Inter-level travel time spent in this place.
 D = Time resting spent in this place.
 E = Time spent auto-exploring this place.
 F = Levels seen in this place.
 G = Mean time per level.
                   A        B        C        D        E       F      G
               +--------+--------+--------+--------+--------+-----+--------+
         Total |   2107 |   2090 |     17 |    504 |   1217 |   4 |  526.8 |
       Dungeon |   2102 |   2085 |     17 |    504 |   1217 |   3 |  700.7 |
         Sewer |      4 |      4 |      0 |      0 |      0 |   1 |    4.0 |
               +--------+--------+--------+--------+--------+-----+--------+

Top non-repeatable levels by time:
     D:2: 956 daAuts
     D:1: 845 daAuts
     D:3: 300 daAuts
   Sewer: 4 daAuts
